 Dungeon Crawl Stone Soup version 0.27-a0-343-gfcad680f63 (webtiles) character file.

Game seed: 5413080234940964588

4 tilp the Insei (level 1, 0/13 HPs)
             Began as an Octopode Transmuter on Feb 14, 2021.
             Slain by a jackal (2 damage)
             ... on level 1 of the Dungeon.
             The game lasted 00:00:21 (61 turns).

tilp the Insei (Octopode Transmuter)                  Turns: 61, Time: 00:00:22

Health: 0/13       AC:  1    Str:  9    XL:     1   Next: 70%
Magic:  3/3        EV: 13    Int: 15    God:
Gold:   0          SH:  0    Dex: 12    Spells: 3/4 levels left

rFire    . . .     SeeInvis .     - Unarmed
rCold    . . .     Faith    .   (no shield)
rNeg     . . .     Spirit   .   (helmet restricted)
rPois    .         Reflect  .   (no amulet)
rElec    .         Harm     .   (no ring)
rCorr    .         Rampage  .   (no ring)
Will     .....                  (no ring)
Stlth    +++.......             (no ring)
HPRegen  0.04/turn              (no ring)
MPRegen  0.08/turn              (no ring)
                                (no ring)
                                (no ring)

@: no status effects
A: almost no armour, stealthy swim, amphibious, 8 rings, constrict 8, camouflage
1, gelatinous body 1
a: no special abilities


You were on level 1 of the Dungeon.
You visited 1 branch of the dungeon, and saw 1 of its levels.

Inventory:

Missiles
 a - 35 stones
Potions
 b - a potion of magic {unknown}


   Skills:
 - Level 1.0 Fighting
 - Level 2.0 Dodging
 + Level 1.9 Stealth
 - Level 3.0 Unarmed Combat
 - Level 2.0 Spellcasting
 - Level 2.0 Transmutations


You had 3 spell levels left.
You knew the following spells:

 Your Spells              Type           Power        Failure   Level
a - Beastly Appendage     Tmut           14%          10%         1

Your spell library contained the following spells:

 Spells                   Type           Power        Failure   Level
 Wereblood                Tmut           7%           14%         2
 Spider Form              Tmut/Pois      2%           41%         3
 Ice Form                 Ice/Tmut       4%           82%         4
 Blade Hands              Tmut           3%           95%         5


Dungeon Overview and Level Annotations

Branches:
Dungeon (1/15)

Altars:


Innate Abilities, Weirdness & Mutations

You cannot wear most types of armour.
You are very stealthy in the water. (Stealth+)
You are amphibious.
You can wear up to eight rings at the same time.
You can use your tentacles to constrict eight enemies at once.
Your skin changes colour to match your surroundings (Stealth+).
Your rubbery body absorbs attacks. (AC +1, EV +1)


Message History

Unknown command.
You tentacle-slap the bat but do no damage.
Your grab misses the bat.
Your tentacle-slap misses the bat.
The bat is heavily wounded.
The bat hits you but does no damage. The jackal closely misses you.
Things that are here:
a +0 short sword; 5 stones You miss the jackal.
You grab the jackal.
You constrict the jackal, but do no damage.
You barely miss the jackal.
You constrict the jackal, but do no damage.
The jackal struggles to escape constriction.
A rat comes into view.
The jackal escapes!
You completely miss the jackal. You grab the jackal. You constrict the jackal.
The jackal barely misses you.
You tentacle-slap the jackal. You grab the jackal.
The jackal is moderately wounded.
You constrict the jackal.
You constrict the jackal, but do no damage.
The jackal bites you.
* * * LOW HITPOINT WARNING * * *
The jackal barely misses you.
You tentacle-slap the jackal but do no damage.
The jackal is moderately wounded.
You constrict the jackal.
You constrict the jackal, but do no damage.
The jackal bites you.
* * * LOW HITPOINT WARNING * * *
The jackal misses you.
A jackal comes into view.
The jackal barely misses you. The jackal bites you.
* * * LOW HITPOINT WARNING * * *
You barely miss the jackal.
The jackal barks!
Your squeeze misses the jackal.
The jackal is moderately wounded.
You constrict the jackal, but do no damage.
You constrict the jackal. The jackal barely misses you. The jackal bites you.
You die...

.. ... # ... .# #h# #.#
.r.###... #.....#....
##.#b#.#.##.....#...
#..)..b#.##......!.
###.#h###..........
#....h@#..........
#.#(#.###(....... ###
###†..#....##.###8###
##.###.#....##........
...K.........##.###8###
......#.$.$.......#####
......#................
.......#####.........##
#.##.#. ..............


You could see 3 jackals, a bat and a rat.

Vanquished Creatures
  2 giant cockroaches (D:1)
  2 kobolds (D:1)
4 creatures vanquished.

Notes
Turn   | Place    | Note
-------+----------+-------------------------------------------
     0 | D:1      | tilp the Octopode Transmuter began the quest for the Orb.
     0 | D:1      | Reached XP level 1. HP: 13/13 MP: 3/3
    43 | D:1      | Reached skill level 1 in Stealth
    61 | D:1      | Slain by a jackal

Illustrated notes

Levels and vault maps discovered:
D:1:      lemuel_arrival_cross, layout_basic, hangedman_decor_diamond_cutter,
          st_stairs_7, minmay_indecisive_spiral

Skill      XL: |  1 |
---------------+----+-----
Stealth        | 1 |  1.9
Fighting       | |  1.0
Dodging        | |  2.0
Unarmed Combat | |  3.0
Spellcasting   | |  2.0
Transmutations | |  2.0

Action                   || total
-------------------------++-------
Melee: Unarmed           ||    20
       Constrict         ||     7
       Kick              ||     3
       Tentacles         ||     3
 Cast: Beastly Appendage ||     1
Armor: Skin              ||     6
Dodge: Dodged            ||    17

Table legend: (Time is in decaauts)
 A = Elapsed time spent in this place.
 B = Non-inter-level travel time spent in this place.
 C = Inter-level travel time spent in this place.
 D = Time resting spent in this place.
 E = Time spent auto-exploring this place.
 F = Levels seen in this place.
 G = Mean time per level.
                   A        B        C        D        E       F      G
               +--------+--------+--------+--------+--------+-----+--------+
         Total |     60 |     60 |      0 |      0 |     31 |   1 |   60.0 |
       Dungeon |     60 |     60 |      0 |      0 |     31 |   1 |   60.0 |
               +--------+--------+--------+--------+--------+-----+--------+

Top non-repeatable levels by time:
     D:1: 60 daAuts
